 Dungeon Crawl Stone Soup version 0.31-a0-263-ge8cad7f256 (webtiles) character file.

Game seed: 11750907218485142031

57 qw the Shooter (level 4, -1/26 HPs)
             Began as a Gargoyle Hexslinger on July 13, 2023.
             Slain by Sigmund
             ... wielding a +0 scythe
              (5 damage)
             ... on level 2 of the Dungeon.
             The game lasted 00:00:30 (714 turns).

qw the Shooter (Gargoyle Hexslinger)                 Turns: 714, Time: 00:00:30

Health: -1/26      AC:  7    Str: 11    XL:     4   Next: 0%
Magic:  5/5        EV: 11    Int: 14    God:
Gold:   60         SH:  0    Dex: 14    Spells: 4/5 levels left

rFire   . . .        Y - +1 sling
rCold   . . .        (no shield)
rNeg    + . .        d - +0 leather armour
rPois   inf          k - +0 helmet
rElec   +            (no cloak)
rCorr   .            (no gloves)
SInv    .            (no boots)
Will    +....        (no amulet)
Stlth   +            e - ring of willpower
HPRegen 0.24/turn    (no ring)
MPRegen 0.09/turn

%: no passive effects
@: no status effects
A: sickness immunity, AC +3, negative energy resistance 1, electricity
resistance, torment resistance 1, petrification resistance
a: no special abilities


You were on level 2 of the Dungeon.
You visited 1 branch of the dungeon, and saw 2 of its levels.

You collected 60 gold pieces.


Innate Abilities, Weirdness & Mutations

You are immune to sickness and miasma.
Your stone body is resilient. (AC +3)
You are immune to poison.
You resist negative energy. (rN+)
You are resistant to electric shocks. (rElec)
You are resistant to unholy torment.
You are immune to petrification.


   Skills:
 - Level 2.0 Fighting
 + Level 3.8 Ranged Weapons
 - Level 1.5 Dodging
 - Level 1.0 Spellcasting
 - Level 2.6 Hexes


You had 4 spell levels left.
You knew the following spells:

 Your Spells              Type           Power      Damage    Failure   Level
a - Slow                  Hex            32%        N/A       12%         1

Your spell library contained the following spells:

 Spells                   Type           Power      Damage    Failure   Level
 Inner Flame              Hex/Fire       4%         N/A       52%         3
 Portal Projectile        Hex/Tloc       8%         N/A       52%         3
 Cause Fear               Hex            4%         N/A       75%         4

Inventory:

Hand Weapons
 Y - a +1 sling (weapon)
Armour
 a - a +0 cloak
 d - a +0 leather armour (worn)
 k - a +0 helmet (worn)
Jewellery
 e - a ring of willpower (left hand)
Scrolls
 b - a scroll of noise {unknown}
 c - a scroll of brand weapon {unknown}
Potions
 f - a potion of ambrosia {unknown}

Dungeon Overview and Level Annotations

Branches:
Dungeon (2/15)

Altars:

Annotations:
D:2 Sigmund


Message History

The goblin hits you but does no damage. The rat bites you but does no damage.
You shoot a sling bullet.
The sling bullet closely misses the rat.
Something hits you. The rat barely misses you. The goblin barely misses you.
The rat misses you. The goblin closely misses you.
You shoot a sling bullet. The sling bullet hits the rat.
You kill the rat!
Something hits you! The goblin hits you but does no damage.
The adder closely misses you.
707 ||| DRINKING potion of heal wounds.
You feel much better. The adder barely misses you.
The goblin barely misses you. Something hits you but does no damage.
You shoot a sling bullet. The sling bullet hits the adder.
The adder is heavily wounded.
The adder barely misses you. The goblin barely misses you.
The adder bites you but does no damage. Something hits you but does no damage.
You shoot a sling bullet.
The sling bullet closely misses the adder.
The goblin misses you. The adder closely misses you.
You shoot a sling bullet.
The sling bullet barely misses the adder.
The adder bites you. The goblin hits you but does no damage.
Something hits you but does no damage. The adder closely misses you.
The goblin hits you but does no damage.
You shoot a sling bullet.
The sling bullet closely misses the adder.
The adder barely misses you. Something hits you.
The goblin completely misses you.
You shoot a sling bullet.
The sling bullet closely misses the adder.
The adder barely misses you. The goblin hits you but does no damage.
Something hits you! The adder closely misses you.
You shoot a sling bullet. The sling bullet hits the adder!
You kill the adder!
The goblin hits you with a +0 dagger. Something hits you.
You have reached level 4!
You feel clever.
You shoot a sling bullet. The sling bullet hits the goblin.
The goblin is severely wounded.
The goblin hits you but does no damage. Something hits you.
You die...

#.######.........
#............#.## .
#..............#
..###............###
#.
.................#
..
................#..
....
#..................#
#...
##.....|..........##
#.#
#..#...@%.......###
..##
...#<...g.......#
[...
.##......{.###.##
...# ......#..#.#
.... ###...#.##.#
.... #...#.##.# ....
#......##.# ....
%.#.#..##@. .... ...
.%.


You could see a goblin.

Vanquished Creatures
  2 adders (D:2)
  A worm (D:2)
  3 bats
  7 endoplasms
  A giant cockroach (D:1)
  3 goblins (D:1)
  4 hobgoblins (D:1)
  A quokka (D:2)
  3 ball pythons
  2 frilled lizards
  2 kobolds (D:1)
  5 rats
34 creatures vanquished.

Notes
Turn   | Place    | Note
-------+----------+-------------------------------------------
     0 | D:1      | qw the Gargoyle Hexslinger began the quest for the Orb.
     0 | D:1      | Reached XP level 1. HP: 12/12 MP: 2/2
     0 | D:1      | 0 ||| qw: Version: 0.3-a-52-g30416fa
     0 | D:1      | 0 ||| qw: Game counter: 7368
     0 | D:1      | 0 ||| qw: Melee chars always use a shield: true
     0 | D:1      | 0 ||| qw: God list: Okawaru
     0 | D:1      | 0 ||| qw: Allow faded altars: false
     0 | D:1      | 0 ||| qw: Do Orc after clearing Dungeon:15 true
     0 | D:1      | 0 ||| qw: Do second Lair branch before Depths: true
     0 | D:1      | 0 ||| qw: Lair rune preference: random
     0 | D:1      | 0 ||| qw: Goals: Normal
     0 | D:1      | 0 ||| PLANNING D:1-11
    36 | D:1      | HP: 2/12 [goblin/+0 club (2)]
   133 | D:1      | Reached XP level 2. HP: 16/16 MP: 3/3
   184 | D:1      | Reached skill level 3 in Ranged Weapons
   318 | D:1      | 318 ||| FLEEEEING.
   436 | D:1      | Reached XP level 3. HP: 21/21 MP: 4/4
   528 | D:1      | 528 ||| UPGRADING to +0 leather armour.
   538 | D:1      | 538 ||| DROPPING +0 robe.
   539 | D:1      | 539 ||| UPGRADING to +0 helmet.
   544 | D:1      | 544 ||| UPGRADING to ring of willpower.
   545 | D:1      | 545 ||| DROPPING +6 ring of intelligence.
   546 | D:1      | 546 ||| READING scroll labelled JONUTI VIEQE.
   547 | D:1      | 547 ||| READING scroll labelled VEYPYE ATIEG.
   548 | D:1      | 548 ||| DRINKING 2 black potions.
   549 | D:1      | 549 ||| DROPPING scroll of poison.
   555 | D:2      | Found a faded altar of an unknown god.
   685 | D:2      | Noticed Sigmund
   689 | D:2      | 689 ||| FLEEEEING.
   690 | D:2      | 690 ||| FLEEEEING.
   691 | D:2      | 691 ||| FLEEEEING.
   700 | D:2      | HP: 5/21 [adder (2)]
   701 | D:2      | 701 ||| DRINKING 2 potions of heal wounds.
   706 | D:2      | HP: 5/21 [something (9)]
   707 | D:2      | 707 ||| DRINKING potion of heal wounds.
   713 | D:2      | HP: 4/21 [goblin/+0 dagger (3)]
   714 | D:2      | Reached XP level 4. HP: 4/26 MP: 5/5
   714 | D:2      | Slain by Sigmund

Levels and vault maps discovered:
D:1:      dpeg_arrival_shelter, layout_rooms, minmay_gold_behind_fungi
D:2:      layout_rooms, basic_ecumenical_altar, uniq_sigmund

Skill      XL: |  1  2 |
---------------+-------+-----
Ranged Weapons | 3 |  3.8
Fighting       | 2 |  2.0
Dodging        | |  1.5
Spellcasting   | |  1.0
Hexes          | |  2.6

Action                     |  1- 3 |  4- 6 || total
---------------------------+-------+-------++-------
   Fire: Sling             |   121 |     1 ||   122
    Use: Potion            |     3 |       ||     3
         Scroll            |     2 |       ||     2
 Armour: Robe              |    19 |       ||    19
         Leather armour    |    20 |     1 ||    21
  Dodge: Dodged            |    60 |       ||    60

Table legend:
 A = Non-vault XP
 B = Vault XP
 C = Vault XP percentage of total XP
 D = Non-vault monster count
 E = Vault monster count
 F = Vault count percentage of total count
                 A         B        C        D         E       F
            +---------+---------+-------+---------+---------+-------
      Total |      82 |       0 |   0.0 |      34 |       0 |   0.0
            +---------+---------+-------+---------+---------+-------
        D:1 |      36 |       0 |   0.0 |      22 |       0 |   0.0
        D:2 |      46 |       0 |   0.0 |      12 |       0 |   0.0
            +---------+---------+-------+---------+---------+-------
